 Dungeon Crawl Stone Soup version 0.30.0-10-gfe55d96785 (webtiles) character file.

Game seed: 17340043622018433284

28 LonelyCrow the Grasshopper (level 3, -1/27 HPs)
             Began as a Human Warper on May 14, 2023.
             Slain by an adder (4 damage)
             ... on level 2 of the Dungeon.
             The game lasted 00:42:37 (942 turns).

LonelyCrow the Grasshopper (Human Warper)            Turns: 942, Time: 00:42:38

Health: -1/27      AC:  3    Str: 13    XL:     3   Next: 30%
Magic:  6/6        EV: 12    Int: 13    God:
Gold:   39         SH:  0    Dex: 12    Spells: 6/6 levels left

rFire   x . .        j - staff of earth
rCold   + . .        (no shield)
rNeg    . . .        b - +0 leather armour
rPois   .            (no helmet)
rElec   .            (no cloak)
rCorr   +            (no gloves)
SInv    .            (no boots)
Will    .....        (no amulet)
Stlth   +            g - ring of ice
HPRegen 0.24/turn    e - ring of resist corrosion
MPRegen 0.10/turn

%: no passive effects
@: lethally poisoned (-1 -> -7)
A: no striking features
a: no special abilities


You were on level 2 of the Dungeon.
You visited 1 branch of the dungeon, and saw 2 of its levels.

You collected 39 gold pieces.

Inventory:

Hand Weapons
 a - a +0 short sword
Missiles
 d - 6 boomerangs of dispersal
 k - 3 javelins (quivered)
Armour
 b - a +0 leather armour (worn)
Magical Staves
 j - a staff of earth (weapon)
Jewellery
 e - a ring of resist corrosion (right hand)
 g - a ring of ice (left hand)
Scrolls
 c - 2 scrolls of blinking {SHIT}
 h - a scroll of identify {unknown}
Potions
 i - a potion of brilliance {unknown}
 l - a potion of haste


   Skills:
 + Level 2.0 Fighting
 + Level 2.2 Short Blades
 + Level 0.1 Staves
 + Level 1.2 Throwing
 + Level 1.2 Armour
 + Level 2.3 Dodging
 + Level 0.4 Stealth
 + Level 2.1 Spellcasting
 + Level 3.3 Translocations


You had 6 spell levels left.
You didn't know any spells.
Your spell library contained the following spells:

 Spells                   Type           Power      Damage    Failure   Level
 Blink                    Tloc           20%        N/A       12%         2
 Lesser Beckoning         Tloc           20%        N/A       12%         2
 Teleport Other           Tloc           10%        N/A       24%         3
 Sandblast                Erth           4%         2d4       32%         1
 Passwall                 Tmut/Erth      1%         N/A       43%         2
 Vhi's Electric Charge    Tloc/Air       10%        N/A       43%         3
 Manifold Assault         Tloc           10%        N/A       63%         4
 Stone Arrow              Conj/Erth      4%         3d7       67%         3


Dungeon Overview and Level Annotations

Branches:
Dungeon (2/15)

Altars:


Message History

You barely miss the adder.
The adder is almost dead.
The adder bites you.
You barely miss the adder.
The adder is almost dead.
The adder bites you.
You are poisoned.
The adder poisons you! The adder closely misses you.
You hit the adder but do no damage.
The adder is almost dead.
You feel sick. The adder barely misses you.
You hit the adder but do no damage.
The adder is almost dead.
You feel sick. The adder bites you.
* * * LOW HITPOINT WARNING * * *
The adder barely misses you.
You barely miss the adder.
The adder is almost dead.
You feel sick. The adder bites you.
* * * LOW HITPOINT WARNING * * *
You feel sick. The adder bites you.
* * * LOW HITPOINT WARNING * * *
You feel better. The adder bites you but does no damage.
You miss the adder.
The adder is almost dead.
The adder misses you. The adder bites you.
You are poisoned.
The adder poisons you!
You barely miss the adder.
The adder is almost dead.
* * * LOW HITPOINT WARNING * * *
You feel sick. The adder bites you.
* * * LOW HITPOINT WARNING * * *
You are more poisoned.
The adder poisons you!
As you read the scroll labelled OSACEGULEU, it crumbles to dust.
Wisps of shadow whirl around you...
It was a scroll of summoning.
* * * LOW HITPOINT WARNING * * *
You feel sick. The adder bites you.
You die...

..##..........#
........###.#.#
####..........#
#..........###
#.......##...#
###.#####.#..##
#.#^........##
..#####.###.#Jr....#
........###..@#.##.#..
.........##...S.......#
..######.###.l#(#......
#.......#.#.......#
#######..###..#.#
....###
#....##.......#.# .....
#..........#.....
.(....
####..........##$#.#
.#.#
....................


You could see an adder (ally target), a friendly endoplasm (summoned), a
friendly quokka (summoned, wandering) and a friendly frilled lizard (summoned).

Vanquished Creatures
  A dart slug (D:1)
  3 ball pythons (D:1)
  An endoplasm (D:1)
  2 giant cockroaches (D:1)
  2 goblins
  3 hobgoblins (D:1)
  3 kobolds (D:1)
  A quokka (D:1)
  2 bats (D:1)
  3 frilled lizards (D:1)
  5 rats
26 creatures vanquished.

Notes
Turn   | Place    | Note
-------+----------+-------------------------------------------
     0 | D:1      | LonelyCrow the Human Warper began the quest for the Orb.
     0 | D:1      | Reached XP level 1. HP: 16/16 MP: 3/3
   199 | D:1      | Reached XP level 2. HP: 17/22 MP: 5/5
   600 | D:1      | Reached XP level 3. HP: 27/27 MP: 6/6
   938 | D:2      | HP: 1/27 [adder (2)]
   942 | D:2      | Slain by an adder

Illustrated notes

Levels and vault maps discovered:
D:1:      lemuel_arrival_rhombus, layout_basic
D:2:      layout_basic

Action                     || total
---------------------------++-------
  Melee: Short sword       ||    65
         Punch             ||     2
         Staff             ||    43
  Throw: Stone             ||     9
         Boomerang         ||     1
         Javelin           ||     5
    Use: Scroll            ||     2
         Potion            ||     4
 Armour: Leather armour    ||    32
  Dodge: Dodged            ||    54
